 Dungeon Crawl Stone Soup version 0.25-a0-942-g87a53962fc (webtiles) character file.

Game seed: 16540850612961572684, levelgen mode: deterministic

160715 HoaS the Wrestler (level 17, -27/187 HPs)
             Began as a Gargoyle Berserker on May 7, 2020.
             Was the Champion of Trog.
             Annihilated by a tentacle (35 damage)
             ... attached to a kraken simulacrum
             ... on level 4 of the Shoals.
             The game lasted 01:46:13 (32868 turns).

HoaS the Wrestler (Gargoyle Berserker)             Turns: 32868, Time: 01:46:13

Health: -27/187    AC: 50    Str: 28    XL:     17   Next: 77%
Magic:  17/17      EV:  7    Int:  9    God:    Trog [******]
Gold:   2172       SH:  0    Dex: 11    Spells: 16/16 levels left

rFire    . . .     SeeInvis .     - Unarmed
rCold    . . .     Gourm    .   (no shield)
rNeg     + . .     Faith    .   C - +10 plate armour
rPois    ∞         Spirit   .   P - +2 helmet of Fun and Games {*Corrode Regen+ Str+3}
rElec    +         Reflect  .   K - +2 cloak {MR+}
rCorr    +         Harm     .   h - +1 pair of gloves
MR       ++...                  V - +1 pair of boots
Stlth    ..........             S - amulet of regeneration
HPRegen  1.21/turn              H - +6 ring of protection
MPRegen  0.15/turn              J - ring of resist corrosion

@: berserking, flying, studying Dodging, very quick
A: big wings, negative energy resistance 1, electricity resistance, unbreathing,
petrification resistance, rot immunity, AC +12
a: Stop Flying, Berserk, Trog's Hand, Brothers in Arms, Renounce Religion


You were on level 4 of the Shoals.
You worshipped Trog.
Trog was exalted by your worship.
You were hungry.

You visited 4 branches of the dungeon, and saw 27 of its levels.
You also visited: Gauntlet, Ice Cave and Volcano.

You collected 4376 gold pieces.
You spent 2204 gold pieces at shops.

Inventory:

Missiles
 g - 97 poisoned darts (quivered)
 s - 6 atropa-tipped darts
 I - 23 curare-tipped darts
 L - 5 datura-tipped darts
Armour
 h - a +1 pair of gloves (worn)
 C - a +10 plate armour (worn)
 K - a +2 cloak of magic resistance (worn)
 P - the +2 helmet of Fun and Games (worn) {*Corrode Regen+ Str+3}
   (You found it on level 1 of the Orcish Mines)

   It affects your strength (+3).
   It increases your rate of regeneration.
   It may corrode you when you take damage.
 V - a +1 pair of boots (worn)
Jewellery
 a - an uncursed ring of fire
 B - an uncursed ring of positive energy
 H - a +6 ring of protection (left hand)
 J - a ring of resist corrosion (right hand)
 Q - the ring of Shadows {Umbra +Inv Stlth+}
   (You found it in a Gauntlet)

   [ring of stealth]

   It lets you turn invisible.
   It makes you more stealthy.
 S - an amulet of regeneration (around neck)
Wands
 c - a wand of iceblast (31)
 j - a wand of paralysis (22)
 q - a wand of clouds (17)
 v - a wand of random effects (41)
 y - a wand of enslavement (10)
 z - a wand of flame (64)
 A - a wand of acid (14)
 D - a wand of disintegration (27)
 M - a wand of polymorph (21)
Scrolls
 d - 8 scrolls of fog
 e - 7 scrolls of fear
 f - 3 scrolls of immolation
 i - 23 scrolls of teleportation
 k - 8 scrolls of remove curse
 E - 6 scrolls of blinking
 G - 2 scrolls of identify
Potions
 l - 13 potions of curing
 m - 5 potions of might
 n - 2 potions of berserk rage
 o - 3 potions of lignification
 p - 3 potions of mutation
 r - 3 potions of haste
 t - 2 potions of cancellation
 u - 2 potions of invisibility
 x - 3 potions of stabbing
 F - 3 potions of resistance
 O - a potion of ambrosia
Books
 T - a manual of Dodging
Miscellaneous
 R - 2 tins of tremorstones
Comestibles
 b - 41 rations
 N - 12 chunks of flesh


   Skills:
 + Level 20.6 Fighting
 - Level 2.1 Armour
 - Level 1.5 Dodging
 * Level 22.1 Unarmed Combat


You had 16 spell levels left.
You didn't know any spells.
Your spell library was empty.

Dungeon Overview and Level Annotations

Branches:
Dungeon (15/15)            Temple (0/1) D:7            Lair (6/6) D:10
 Shoals (4/4) Lair:4       Spider (0/4) Lair:3        Slime (0/5) Lair:6
    Orc (2/2) D:11            Elf (0/3) Orc:2        Vaults (0/5) D:14
 Depths (0/5) D:15          IceCv (visited)         Volcano (visited)
Gauntlet (visited)

Altars:
Fedhas
Gozag
Makhleb
Nemelex Xobeh
Okawaru
Ru
Trog
Xom
Beogh

Shops:
D:4 (   D:5 (   D:11 [   D:12 *   D:13 !   D:14 ?   Orc:1 *:*?=   Orc:2 %:**
Shoals:1 ?   Shoals:3 *[?[

Portals:
Abyss: Lair:1

Annotations:
Shoals:1 3 runed translucent doors, Qor Suiw's ghost, adept DDFi
Shoals:2 3 runed translucent doors, Insin's ghost, adept DDFi


Innate Abilities, Weirdness & Mutations

You are resistant to torment.
Your stone body is resilient. (AC +12)
You are immune to poison.
Your large and strong wings let you fly indefinitely.
You resist negative energy. (rN+)
You are resistant to electric shocks. (rElec)
You can survive without breathing.
You are immune to petrification.
You are immune to rotting.


Message History

The tentacle slaps you. The tentacle freezes you!! The tentacle slaps you.
The tentacle freezes you!
You punch the kraken simulacrum!
The kraken simulacrum is heavily damaged.
The tentacle slaps you but does no damage. x2
The kraken simulacrum bites you but does no damage.
You completely miss the kraken simulacrum.
The kraken simulacrum is heavily damaged.
The tentacle slaps you but does no damage.
The tentacle barely misses you.
The tentacle slaps you but does no damage.
The kraken simulacrum bites you. The kraken simulacrum freezes you!!
* * * LOW HITPOINT WARNING * * *
A red film seems to cover your vision as you go berserk!
You feel yourself moving faster!
You feel mighty!
You are feeling hungry.
The tentacle slaps you!
* * * LOW HITPOINT WARNING * * *
The tentacle freezes you!!
You die...

.(.#..###......(≈≈(≈≈≈≈≈≈....##..
#######.......≈≈≈≈≈≈≈≈≈≈≈≈≈..≈#..
####≈#≈.......≈≈≈≈≈≈≈≈≈≈≈≈≈..≈##.
.............≈≈(≈≈(≈≈≈≈≈≈≈≈...##≈
≈.≈.≈≈≈≈....≈######≈≈≈≈≈≈≈≈...##.
≈≈≈≈≈≈≈≈≈≈≈≈≈#######≈≈≈≈≈≈≈..##..
≈≈≈≈≈≈≈≈≈≈≈##≈≈≈≈≈≈###≈≈≈≈≈..≈##.
≈≈≈≈≈≈≈≈≈≈≈≈#≈≈wZw≈≈##≈≈≈≈≈.≈..##
≈≈≈≈≈≈≈≈≈≈≈###≈#@#≈##^≈≈≈≈≈≈≈..##
≈≈≈≈≈≈≈≈≈≈≈≈##≈wφw≈# ≈≈≈≈≈≈≈≈≈...
≈≈≈≈≈≈≈≈≈≈≈##≈≈#≈#≈≈##≈≈≈≈≈≈≈≈≈≈≈
≈≈≈≈≈÷≈≈≈≈≈##≈≈≈≈≈≈≈##≈≈≈≈≈≈≈≈≈≈≈
≈≈≈≈≈≈≈≈≈≈≈≈##≈###≈###≈≈≈≈≈≈≈≈≈≈≈
≈≈≈≈≈≈≈.....≈#######≈≈≈≈≈≈≈≈≈≈≈≈≈
≈≈≈≈≈≈.......####≈≈≈.....≈≈≈≈≈≈≈≈
≈≈≈≈≈.........≈≈..........≈≈≈≈≈≈≈
≈≈≈≈......................≈≈≈≈≈≈≈


You could see 4 tentacles and a kraken simulacrum.

Vanquished Creatures
  Nikola (Shoals:3)
  An Ice Fiend (IceCv)
  A tentacled starspawn (Lair:1)
  Frances (D:13)
  Kirke (Lair:4)
  Ilsuiw (Shoals:3)
  Aizul (Shoals:4)
  The ghost of Daxuer the Fighter, a journeyman KoAM of Okawaru (Orc:2)
  A dire elephant (Lair:6)
  A red draconian (Volcano)
  Snorg (D:12)
  A minotaur (Gauntlet)
  8 merfolk javelineers
  6 merfolk impalers
  An ettin (Orc:2)
  The ghost of Mgcat the Cleaver, a journeyman HOFi of Beogh (Lair:1)
  A yaktaur captain (D:15)
  2 ogre magi
  3 hydras
  4 merfolk avatars
  3 centaur warriors
  3 catoblepae
  8 merfolk aquamancers (Shoals:4)
  2 alligator snapping turtles
  5 orc high priests (Orc:2)
  5 two-headed ogres
  7 death yaks
  A queen ant (Gauntlet)
  Sonja (D:12)
  A thrashing horror (Lair:1)
  Nergalle (Lair:4)
  7 sea snakes
  2 unseen horrors
  A wizard (D:15)
  A skeletal warrior (D:14)
  A lindwurm (Lair:6)
  Pikel (D:4)
  A wolf spider (D:15)
  3 deep elf magi
  20 harpies
  7 ugly things
  2 necromancers (D:15)
  8 orc knights
  2 orc sorcerers (D:15)
  4 cyclopes
  2 large abominations (Gauntlet)
  6 fauns (Shoals:1)
  8 merfolk sirens
  An eye of devastation (Lair:6)
  2 black mambas (Lair:6)
  3 centaur zombies
  14 manticores
  An ice statue (IceCv)
  Maurice (D:12)
  3 water nymphs
  5 elephants (Lair:6)
  10 centaur skeletons
  3 gargoyles
  6 spiny frogs
  5 rime drakes
  5 komodo dragons
  A redback zombie (D:15)
  A golden dragon simulacrum (IceCv)
  5 freezing wraiths
  A kobold demonologist (D:12)
  5 yaktaurs (D:14)
  3 anaconda simulacra (IceCv)
  5 ice devils
  An ancient zyme (Lair:1)
  3 meliai (D:13)
  18 merfolk
  6 trolls
  4 wind drakes
  A raiju (Lair:1)
  A wolf spider simulacrum (IceCv)
  9 snapping turtles
  15 hippogriffs
  The ghost of incide the Magician, an amateur GnWn (D:3)
  25 blink frogs
  5 dream sheep
  3 slime creatures (D:14)
  Sigmund (D:4)
  A vampire (D:13)
  2 centaur simulacra
  27 yaks
  A spriggan (Lair:1)
  A ynoxinul (Lair:1)
  4 wyverns
  A dire elephant simulacrum (IceCv)
  8 water elementals (Shoals:4)
  4 hogs (Lair:4)
  2 wraiths
  5 basilisks
  A chaos spawn (Lair:1)
  2 death yak simulacra (IceCv)
  3 humans (Lair:4)
  5 vampire mosquitoes (D:15)
  Menkaure (D:4)
  4 iron troll simulacra (IceCv)
  4 wargs (Orc:2)
  6 soldier ants (Gauntlet)
  4 harpy simulacra (IceCv)
  An acid dragon (D:12)
  Duvessa (D:4)
  2 hydra simulacra (IceCv)
  4 porcupines
  10 water moccasins
  19 orc warriors
  A black bear (D:11)
  2 ice beasts
  3 sky beasts
  An eye of draining (Lair:6)
  4 slaves (D:4)
  17 ogres
  5 boggarts (D:15)
  3 phantoms
  3 necrophages
  17 wolves
  16 centaurs
  5 crocodiles
  2 big kobolds (D:8)
  28 bullfrogs
  4 gnoll sergeants
  2 wyvern zombies
  9 scorpions
  5 small abominations (Gauntlet)
  Dowan (D:4)
  17 killer bees
  A swamp dragon simulacrum (IceCv)
  2 jellies (D:13)
  15 wights
  4 howler monkeys
  3 crimson imps
  3 bullfrog zombies (D:11)
  6 draconian simulacra (IceCv)
  3 bullfrog skeletons
  9 hounds
  37 orc priests
  Terence (D:2)
  Ijyb (D:4)
  17 orc wizards
  5 iguanas
  3 troll simulacra (IceCv)
  13 worker ants
  3 spriggan simulacra (IceCv)
  A wolf simulacrum (IceCv)
  A hound skeleton (D:10)
  A worker ant zombie (D:5)
  12 adders
  22 gnolls
  3 ogre simulacra (IceCv)
  4 naga simulacra (IceCv)
  6 shadow imps
  5 white imps
  2 worker ant simulacra (D:3)
  6 ufetubi (IceCv)
  3 oozes
  2 adder skeletons (D:5)
  7 worms
  3 dart slugs
  3 leopard geckos
  120 orcs
  5 ball pythons
  15 bats
  13 giant cockroaches
  10 goblins
  9 hobgoblins
  18 jackals
  8 quokkas
  A ball python simulacrum (D:3)
  9 frilled lizards
  A giant cockroach simulacrum (D:3)
  A jackal simulacrum (D:3)
  A jackal zombie (D:5)
  20 kobolds
  A quokka simulacrum (D:3)
  A quokka zombie (D:8)
  8 rats
1040 creatures vanquished.

Vanquished Creatures (collateral kills)
  An orc high priest (Orc:2)
  Maggie (D:8)
  2 wargs (Orc:2)
  4 orc warriors (Orc:2)
  An ogre (Orc:2)
  2 wights (D:8)
  8 orc priests (Orc:2)
  An orc wizard (Orc:2)
  A gnoll (D:8)
  4 orcs (Orc:2)
25 creatures vanquished.

Vanquished Creatures (others)
  An unseen horror (D:15)
  A sea snake (Shoals:4)
  A centaur skeleton (D:14)
  4 dream sheep (Lair:6)
  A golden eye (shapeshifter) (D:15)
  A centaur (Volcano)
  A bullfrog (Lair:4)
  A white imp (IceCv)
  An ufetubus (IceCv)
  A bush (Lair:5)
  16 fungi
  16 plants
  4 starspawn tentacles (Lair:1)
49 creatures vanquished.

Grand Total: 1114 creatures vanquished

Notes
Turn   | Place    | Note
-------+----------+-------------------------------------------
     0 | D:1      | HoaS the Gargoyle Berserker began the quest for the Orb.
     0 | D:1      | Reached XP level 1. HP: 14/14 MP: 1/1
   492 | D:1      | Reached XP level 2. HP: 19/19 MP: 2/2
   906 | D:1      | Reached XP level 3. HP: 24/24 MP: 3/3
  1301 | D:2      | Noticed a scorpion
  1324 | D:2      | Killed a scorpion
  1324 | D:2      | Reached skill level 4 in Unarmed Combat
  1324 | D:2      | Reached XP level 4. HP: 10/29 MP: 4/4
  1673 | D:2      | Reached ** piety under Trog
  2040 | D:2      | Reached XP level 5. HP: 28/34 MP: 5/5
  2285 | D:2      | Noticed Terence
  2316 | D:2      | Killed Terence
  2316 | D:2      | Reached skill level 5 in Unarmed Combat
  3056 | D:2      | Reached XP level 6. HP: 27/40 MP: 6/6
  3199 | D:3      | Noticed an ice beast
  3224 | D:3      | Killed an ice beast
  3224 | D:3      | Reached skill level 5 in Fighting
  3224 | D:3      | Reached skill level 6 in Unarmed Combat
  3260 | D:3      | Found a runed translucent gate.
  3260 | D:3      | Found a runed translucent gate.
  3260 | D:3      | Found a runed translucent gate.
  3339 | D:3      | Reached *** piety under Trog
  3693 | D:3      | Noticed incide's ghost (amateur GnWn)
  3828 | D:3      | Found a sacrificial altar of Ru.
  3936 | D:3      | Reached XP level 7. HP: 44/44 MP: 7/7
  4094 | D:3      | Killed incide's ghost
  4094 | D:3      | Reached skill level 7 in Unarmed Combat
  4206 | D:4      | Noticed Menkaure
  4377 | D:4      | Killed Menkaure
  4629 | D:4      | Found Vuj Jueb's Antique Weapon Emporium.
  4641 | D:4      | Reached XP level 8. HP: 52/52 MP: 8/8
  4674 | D:4      | Noticed Sigmund
  4700 | D:4      | Killed Sigmund
  4700 | D:4      | Reached skill level 8 in Unarmed Combat
  4761 | D:4      | Noticed Pikel
  4814 | D:4      | Killed Pikel
  4814 | D:4      | Reached skill level 9 in Unarmed Combat
  5020 | D:4      | Noticed Dowan
  5021 | D:4      | Noticed Duvessa
  5041 | D:4      | Killed Dowan
  5056 | D:4      | Killed Duvessa
  5056 | D:4      | Reached XP level 9. HP: 55/58 MP: 9/9
  5105 | D:4      | Noticed Ijyb
  5112 | D:4      | Killed Ijyb
  5160 | D:4      | Found an opulent altar of Gozag.
  5325 | D:4      | Found a sparkling altar of Nemelex Xobeh.
  5492 | D:4      | Reached skill level 10 in Unarmed Combat
  5606 | D:4      | Identified the Collected Works on Scorching Ice
  5628 | D:5      | Entered Level 5 of the Dungeon
  5772 | D:5      | Found a blossoming altar of Fedhas.
  5774 | D:5      | Found Riagipi's Antique Weapon Shop.
  6008 | D:5      | Found a burning altar of Makhleb.
  6103 | D:5      | Reached **** piety under Trog
  6137 | D:5      | Found an iron altar of Okawaru.
  6496 | D:6      | You fall into a shaft and drop 2 floors!
  6517 | D:8      | Reached skill level 11 in Unarmed Combat
  6706 | D:8      | Found a sparkling altar of Nemelex Xobeh.
  6727 | D:8      | Reached XP level 10. HP: 54/66 MP: 10/10
  6740 | D:8      | Noticed Maggie
  6772 | D:8      | Killed Maggie
  7187 | D:8      | Reached skill level 12 in Unarmed Combat
  7228 | D:7      | Reached skill level 10 in Fighting
  7264 | D:7      | Reached ***** piety under Trog
  8459 | D:7      | Found a staircase to the Ecumenical Temple.
  8601 | D:7      | Received a gift from Trog
  8928 | D:7      | Found a bloodstained altar of Trog.
  9640 | D:8      | Reached XP level 11. HP: 76/76 MP: 11/11
 10139 | D:10     | Entered Level 10 of the Dungeon
 10206 | D:10     | Found a staircase to the Lair.
 10214 | D:10     | Noticed a two-headed ogre
 10225 | D:10     | Killed a two-headed ogre
 10293 | D:9      | Reached skill level 13 in Unarmed Combat
 10886 | Lair:1   | Entered Level 1 of the Lair of Beasts
 11076 | Lair:1   | Found a dark tunnel.
 11084 | Volcano  | Entered a volcano
 11275 | Volcano  | Noticed a red draconian
 11276 | Volcano  | Found a radiant altar of Vehumet.
 11276 | Volcano  | Noticed a centaur warrior
 11287 | Volcano  | Killed a centaur warrior
 11290 | Volcano  | Received a gift from Trog
 11387 | Volcano  | HP: 2/117 [red draconian/searing blast (19)]
 11395 | Volcano  | Killed a red draconian
 11891 | Lair:1   | Reached skill level 14 in Unarmed Combat
 11944 | Lair:1   | Noticed a tentacled starspawn
 12210 | Lair:1   | Found a transporter.
 12256 | Lair:1   | Noticed a red ugly thing
 12263 | Lair:1   | Noticed a thrashing horror
 12272 | Lair:1   | Noticed Mgcat's ghost (journeyman HOFi)
 12283 | Lair:1   | Found a transporter.
 12499 | Lair:1   | Identified the cursed +0 short sword "Gauciat" {distort,
                  | Fragile +Blink rF+++ Str-4}
 12666 | Lair:2   | Reached XP level 12. HP: 58/84 MP: 12/12
 13773 | Lair:3   | Found a hole to the Spider Nest.
 13829 | Lair:3   | Reached skill level 15 in Unarmed Combat
 14614 | Lair:4   | Noticed Nergalle
 14628 | Lair:4   | Killed Nergalle
 14629 | Lair:4   | Received a gift from Trog
 14763 | Lair:4   | Noticed a five-headed hydra
 14781 | Lair:4   | Killed a five-headed hydra
 14849 | Lair:4   | Found a staircase to the Shoals.
 14971 | Lair:4   | Noticed Kirke
 14987 | Lair:4   | Killed Kirke
 14987 | Lair:4   | Reached skill level 16 in Unarmed Combat
 14987 | Lair:4   | Reached XP level 13. HP: 89/91 MP: 13/13
 15963 | Lair:5   | Reached skill level 15 in Fighting
 16383 | Lair:6   | Entered Level 6 of the Lair of Beasts
 16703 | Lair:6   | Found a staircase to the Slime Pits.
 16933 | Lair:6   | Reached skill level 17 in Unarmed Combat
 17366 | Lair:6   | Found a shimmering altar of Xom.
 17891 | Lair:6   | Gained mutation: Your large and strong wings let you fly
                  | indefinitely. [Gargoyle growth]
 17891 | Lair:6   | Reached XP level 14. HP: 96/99 MP: 14/14
 18306 | Lair:6   | Noticed a dire elephant
 18376 | Lair:6   | Killed a dire elephant
 18391 | Lair:6   | Reached skill level 18 in Unarmed Combat
 18912 | Lair:1   | Killed Mgcat's ghost
 18922 | Lair:1   | Killed a tentacled starspawn
 19033 | Lair:1   | Found a one-way gate to the infinite horrors of the Abyss.
 19491 | D:11     | Found Acag's Armour Emporium.
 19657 | D:11     | Received a gift from Trog
 20083 | D:11     | Found a staircase to the Orcish Mines.
 20088 | Orc:1    | Entered Level 1 of the Orcish Mines
 20088 | Orc:1    | Found Gaxto's General Store.
 20177 | Orc:1    | Found Gexex's General Store.
 20185 | Orc:1    | Found Ajairoju's Magic Scroll Shoppe.
 20194 | Orc:1    | Bought a scroll of enchant armour for 120 gold pieces
 20194 | Orc:1    | Bought a scroll of enchant armour for 120 gold pieces
 20194 | Orc:1    | Bought a scroll of enchant armour for 120 gold pieces
 20342 | Orc:1    | Found a runed translucent gate.
 20349 | Orc:1    | Found a runed translucent gate.
 20350 | Orc:1    | Found a runed translucent gate.
 20352 | Orc:1    | Identified the cursed +0 battleaxe "Gaysarot" {freeze,
                  | Dex+2}
 20353 | Orc:1    | Noticed Daxuer's ghost (journeyman KoAM)
 20390 | Orc:1    | Found Jagalun's Book Emporium.
 20568 | Orc:1    | Found Giskulec's Jewellery Boutique.
 20628 | Orc:1    | Found a roughly hewn altar of Beogh.
 20660 | Orc:2    | Entered Level 2 of the Orcish Mines
 21261 | Orc:2    | Found a roughly hewn altar of Beogh.
 21323 | Orc:2    | Found Dupelam's General Store.
 21323 | Orc:2    | Found Zoavoadus's General Store.
 21580 | Orc:2    | Received a gift from Trog
 21600 | Orc:2    | Found a staircase to the Elven Halls.
 21697 | Orc:2    | Found a roughly hewn altar of Beogh.
 22284 | Orc:2    | Found Acoufis's Food Emporium.
 22284 | Orc:2    | Found Xihosaik's Book Shop.
 22355 | Orc:2    | Bought a scroll of acquirement for 884 gold pieces
 22355 | Orc:2    | Identified the ring "Ovaesesa" {rF++ Str+3 Int-2 Dex+3
                  | Stlth-} (You acquired it on level 2 of the Orcish Mines)
 22412 | Orc:1    | Bought a scroll of teleportation for 48 gold pieces
 22453 | Orc:1    | Bought an uncursed ring of positive energy for 200 gold
                  | pieces
 22660 | Orc:2    | Killed Daxuer's ghost
 22825 | Orc:1    | Got a clouded amethyst amulet
 22829 | Orc:1    | Got a heavily runed helmet
 22840 | Orc:1    | Identified the +2 helmet of Fun and Games {*Corrode Regen+
                  | Str+3} (You found it on level 1 of the Orcish Mines)
 22841 | Orc:1    | Identified the amulet "Codidd" {Inacc rF+ rC+ MP+9} (You
                  | found it on level 1 of the Orcish Mines)
 22941 | D:12     | Found a gate leading to a gauntlet.
 22947 | Gauntlet | Entered a Gauntlet
 22947 | Gauntlet | Found a transporter.
 22947 | Gauntlet | Found a transporter.
 22953 | Gauntlet | Found a transporter.
 22968 | Gauntlet | Found a transporter.
 22984 | Gauntlet | Found a transporter.
 22984 | Gauntlet | Found a transporter.
 22987 | Gauntlet | Found a transporter.
 22987 | Gauntlet | Found a transporter.
 22987 | Gauntlet | Found a transporter.
 22988 | Gauntlet | Noticed a dire elephant
 23009 | Gauntlet | Found a transporter.
 23016 | Gauntlet | Found a transporter.
 23026 | Gauntlet | Found a transporter.
 23043 | Gauntlet | Found a transporter.
 23061 | Gauntlet | Found a transporter.
 23150 | Gauntlet | Reached XP level 15. HP: 108/108 MP: 15/15
 23180 | Gauntlet | Got a clouded copper amulet
 23281 | Gauntlet | Identified the +10 war axe "Cacwasha" {elec, *Corrode rPois
                  | MR- Str+7}
 23301 | Gauntlet | Found the ring of Shadows {Umbra +Inv Stlth+}
 23334 | D:12     | Noticed Sonja
 23346 | D:12     | Killed Sonja
 23544 | D:12     | Found Oroife's Island Escapes.
 23548 | D:12     | Bought 2 scrolls of blinking for 225 gold pieces
 23548 | D:12     | Bought a scroll of teleportation for 45 gold pieces
 23548 | D:12     | Bought a scroll of teleportation for 45 gold pieces
 23857 | D:12     | Received a gift from Trog
 23886 | D:12     | Noticed Snorg
 23910 | D:12     | Killed Snorg
 23934 | D:12     | Noticed Maurice
 23942 | D:12     | Killed Maurice
 24502 | D:13     | Noticed Frances
 24513 | D:13     | Killed Frances
 24662 | D:13     | Found a bloodstained altar of Trog.
 24686 | D:13     | Found Vithricw's Distillery.
 24832 | D:13     | Reached skill level 19 in Unarmed Combat
 25445 | D:14     | Reached ****** piety under Trog
 25500 | D:14     | Found Quruac's Magic Scroll Shoppe.
 25506 | D:14     | Bought a scroll of identify for 26 gold pieces
 25506 | D:14     | Bought a scroll of teleportation for 39 gold pieces
 25506 | D:14     | Bought a scroll of identify for 26 gold pieces
 25506 | D:14     | Bought a scroll of teleportation for 39 gold pieces
 25506 | D:14     | Identified the amulet of Beogh's Regard {+Rage rF+} (You
                  | found it in a Gauntlet)
 25776 | D:14     | Found a gate to the Vaults.
 25925 | D:14     | Received a gift from Trog
 26056 | D:15     | Entered Level 15 of the Dungeon
 26300 | D:15     | Reached XP level 16. HP: 112/116 MP: 16/16
 26731 | D:15     | Reached skill level 20 in Unarmed Combat
 26761 | D:15     | Found a staircase to the Depths.
 26779 | D:15     | Received a gift from Trog
 27377 | Shoals:1 | Entered Level 1 of the Shoals
 27377 | Shoals:1 | Found Getugy's Magic Scroll Shop.
 27444 | Shoals:1 | Bought a scroll of identify for 26 gold pieces
 27444 | Shoals:1 | Bought a scroll of teleportation for 39 gold pieces
 27444 | Shoals:1 | Bought a scroll of identify for 26 gold pieces
 27444 | Shoals:1 | Bought a scroll of identify for 26 gold pieces
 27758 | Shoals:1 | Found a runed translucent gate.
 28284 | Shoals:1 | Found a runed translucent gate.
 28285 | Shoals:1 | Found a runed translucent gate.
 28286 | Shoals:1 | Noticed Qor Suiw's ghost (adept DDFi)
 29212 | Shoals:2 | Found a runed translucent gate.
 29212 | Shoals:2 | Found a runed translucent gate.
 29212 | Shoals:2 | Found a runed translucent gate.
 29213 | Shoals:2 | Noticed Insin's ghost (adept DDFi)
 29494 | Shoals:3 | Noticed Nikola
 29516 | Shoals:3 | Killed Nikola
 29516 | Shoals:3 | Reached skill level 21 in Unarmed Combat
 29524 | Shoals:3 | Received a gift from Trog
 29617 | Shoals:3 | Noticed Ilsuiw
 29653 | Shoals:3 | Reached XP level 17. HP: 39/124 MP: 17/17
 29691 | Shoals:3 | Killed Ilsuiw
 29833 | Shoals:3 | Found Fuypro's Magic Scroll Shop.
 29852 | Shoals:3 | Found Tiusics's Antique Armour Shop.
 29958 | Shoals:3 | Found Holosuf's General Store.
 29966 | Shoals:3 | Bought a potion of haste for 150 gold pieces
 30059 | Shoals:3 | Found Merphefu's Armour Shoppe.
 30620 | Shoals:4 | Entered Level 4 of the Shoals
 30621 | Shoals:4 | Identified the +1 cloak of Panentheism {Int+5} (You
                  | acquired it on level 4 of the Shoals)
 30621 | Shoals:4 | Identified the +0 arbalest of the Extremes {elec, *Contam
                  | *Slow rElec Dex+9} (You acquired it on level 4 of the
                  | Shoals)
 30669 | Shoals:4 | Identified the +3 shortbow "Xuiwk" {freeze, rElec}
 30986 | Shoals:4 | Identified the +1 robe "Sueddolui" {rN+ MR++ Slay+2}
 31115 | Shoals:4 | Found a frozen archway.
 31130 | IceCv    | Entered an ice cave
 31499 | IceCv    | Received a gift from Trog
 31568 | IceCv    | HP: 7/186 [eight-headed hydra simulacrum (7)]
 31887 | IceCv    | Noticed an Ice Fiend
 31947 | IceCv    | Killed an Ice Fiend
 32339 | Shoals:4 | Paralysed by fainting for 10 turns
 32590 | Shoals:4 | Reached skill level 22 in Unarmed Combat
 32710 | Shoals:4 | Received a gift from Trog
 32751 | Shoals:4 | Noticed Aizul
 32779 | Shoals:4 | Killed Aizul
 32868 | Shoals:4 | HP: 8/187 [tentacle[a kraken simulacrum] (11)]
 32868 | Shoals:4 | Annihilated by a tentacle

Levels and vault maps discovered:
D:1:      lightli_arrival_statue_moat, layout_basic
D:2:      layout_basic, uniq_terence
D:3:      layout_loops_ring, nicolae_ru_path_of_blood, gammafunk_ghost_icy
D:4:      layout_loops_cross, nicolae_gozag_cash_rules_everything_around_me,
          serial_shops, shop, first_ration, nemelex_dance_club_becter,
          uniq_duvessa, uniq_menkaure, uniq_pikel, uniq_sigmund, uniq_ijyb
D:5:      layout_loops_ring, fedhas_altar_2, bloody_makhleb,
          kennysheep_okawaru_gauntlet, serial_shops, shop,
          chequers_serial_rivers_large_b
D:6:      layout_loops_ring
D:7:      layout_loops_corners, bloody_trog, minmay_temple_entry_antechambers,
          grunt_ogre_cave
D:8:      layout_gridville, lemuel_doored_altar, nicolae_straight_to_the_point,
          uniq_maggie
D:9:      layout_rooms
D:10:     layout_basic, lair_entry_dummy
D:11:     layout_cave_pools, hiddenorc1_lemuel, serial_shops, shop
D:12:     layout_grid_maze, gauntlet_entry_generic, st_stairs_9,
          nicolae_island_escapes, uniq_maurice, uniq_snorg, uniq_sonja
D:13:     layout_irregular_city, serial_shops, shop, serial_rivers,
          chequers_serial_rivers_micro_b, chequers_serial_rivers_marsh,
          chequers_serial_rivers_small_3, chequers_serial_rivers_micro_a,
          basic_altar, uniq_frances
D:14:     layout_loops_ring, hangedman_vaults_entry_quadrant_bands,
          hangedman_decor_lopped, serial_shops,
          nicolae_shop_temple_entry_statues_fountains, drop_trap,
          serial_bayou_pond_e
D:15:     grunt_enter_depths_magical_seal, layout_long_grid,
          chequers_serial_rivers_small_3, minivault_28
Lair:1:   beast_lair_carwin_large_4, layout_chaotic_city,
          lightli_volcano_entry_magma_tube, gammafunk_ghost_abyssal_escape
Lair:2:   layout_cave_shapes, st_stairs_9, guppyfry_lair_drakes
Lair:3:   layout_regular_city, nicolae_spider_entry_non_spiders,
          serial_bayou_pond_b, chequers_serial_rivers_micro_c,
          kennysheep_catoblepas_arena
Lair:4:   layout_loops_ring, shoals_dummy_entry, st_stairs_4, roderic_batcave,
          uniq_nergalle, uniq_kirke
Lair:5:   layout_roguey, serial_bayou_shore_b, grunt_megastairs_3,
          infiniplex_staircase_pool
Lair:6:   hangedman_lair_in_review, layout_small_grid, minmay_slime_entry_eyes,
          kb_xom_exploding_sheep
Shoals:1: layout_shoals, gammafunk_ghost_tricky_traps, serial_shops, shop
Shoals:2: layout_shoals, gammafunk_ghost_tricky_traps
Shoals:3: layout_shoals, serial_shops, shop, shop, shop, shop, uniq_ilsuiw,
          uniq_nikola
Shoals:4: shoals_end_grunt_ice, layout_shoals,
          portal_ice_cave_entry_pillars_four, minmay_shop_enchanted_jewellery,
          nicolae_shoals_aquamancer_cove, uniq_donald, uniq_aizul
Orc:1:    layout_diamond_mine, biasface_ghost_orc_armoury, serial_shops,
          nicolae_shop_statue_plus, shop, shop, nicolae_shop_stone, shop_statue
Orc:2:    st_orc_town, layout_caves, mines1_david

Skill      XL: |  1  2  3  4  5  6  7  8  9 10 11 12 13 14 15 16 17 |
---------------+----------------------------------------------------+-----
Fighting       | 4 5 6 7 9 12 13 14 15 18 19 20 | 20.6
Unarmed Combat | 4 5 6 7 9 11 12 14 16 17 18 19 21 22 | 22.1
Armour         | |  2.1
Dodging        | |  1.5

Action                   |  1- 3 |  4- 6 |  7- 9 | 10-12 | 13-15 | 16-18 || total
-------------------------+-------+-------+-------+-------+-------+-------++-------
Melee: Unarmed           |   110 |   354 |   403 |   868 |  1401 |   968 ||  4104
       Punch             |     1 |     9 |    15 |    40 |   110 |    95 ||   270
Throw: Dart              |       |       |     6 |       |     4 |       ||    10
Invok: Trog's Hand       |       |     1 |     7 |     3 |     7 |     1 ||    19
       Berserk           |       |     1 |     4 |     4 |     3 |     3 ||    15
       Brothers in Arms  |       |       |       |     1 |     2 |     1 ||     4
 Abil: Fly               |       |       |       |       |     1 |     1 ||     2
       Stop Flying       |       |       |       |       |       |     1 ||     1
Evoke: Wand              |       |       |       |       |     9 |     3 ||    12
  Use: Scroll            |       |       |    18 |    10 |    15 |     7 ||    50
       Potion            |       |       |       |       |       |     5 ||     5
 Stab: Distracted        |       |       |       |       |     1 |       ||     1
       Petrified         |       |       |       |       |     1 |       ||     1
  Eat: Chunk             |     1 |    10 |    16 |    43 |    36 |    18 ||   124
       Ration            |       |       |       |       |     1 |     2 ||     3
Armor: Animal skin       |    12 |       |       |       |       |       ||    12
       Ring mail         |    43 |    22 |       |       |       |       ||    65
       Chain mail        |       |   204 |   120 |       |       |       ||   324
       Plate armour      |       |       |   148 |   695 |   860 |   989 ||  2692
       Skin              |       |       |       |       |     1 |       ||     1
Dodge: Dodged            |    62 |   149 |   179 |   345 |   335 |   273 ||  1343
Block: Other             |       |       |       |       |   120 |    77 ||   197
       Reflection        |       |       |       |       |    10 |     7 ||    17

Table legend:
 A = Non-vault XP
 B = Vault XP
 C = Vault XP percentage of total XP
 D = Non-vault monster count
 E = Vault monster count
 F = Vault count percentage of total count
                 A         B        C        D         E       F
            +---------+---------+-------+---------+---------+-------
      Total |  121814 |  107779 |  46.9 |     714 |     348 |  32.8
            +---------+---------+-------+---------+---------+-------
        D:1 |      36 |       0 |   0.0 |      23 |       0 |   0.0
        D:2 |     219 |      40 |  15.4 |      38 |       1 |   2.6
        D:3 |     348 |     300 |  46.3 |      42 |       8 |  16.0
        D:4 |     514 |    1337 |  72.2 |      28 |       8 |  22.2
        D:5 |     279 |       4 |   1.4 |      10 |       2 |  16.7
        D:6 |    1435 |       0 |   0.0 |      30 |       0 |   0.0
        D:7 |    2232 |     112 |   4.8 |      43 |       1 |   2.3
        D:8 |    2372 |     198 |   7.7 |      62 |       1 |   1.6
        D:9 |    1336 |       0 |   0.0 |      20 |       0 |   0.0
       D:10 |    1728 |     175 |   9.2 |      15 |      14 |  48.3
       D:11 |    3582 |      84 |   2.3 |      36 |       3 |   7.7
       D:12 |    5743 |    2681 |  31.8 |      33 |       6 |  15.4
       D:13 |    7845 |    2306 |  22.7 |      34 |       1 |   2.9
       D:14 |    4961 |    6860 |  58.0 |      19 |      20 |  51.3
       D:15 |   11741 |   10794 |  47.9 |      41 |      20 |  32.8
     Lair:1 |    2432 |    7765 |  76.1 |      13 |      23 |  63.9
     Lair:2 |    2036 |     621 |  23.4 |       9 |       3 |  25.0
     Lair:3 |    2864 |     312 |   9.8 |      14 |       9 |  39.1
     Lair:4 |    4179 |    3831 |  47.8 |      15 |      16 |  51.6
     Lair:5 |    6713 |       0 |   0.0 |      18 |       0 |   0.0
     Lair:6 |    8731 |   12215 |  58.3 |      31 |      23 |  42.6
   Shoals:1 |   11422 |       0 |   0.0 |      25 |       0 |   0.0
   Shoals:2 |   14133 |       0 |   0.0 |      25 |       0 |   0.0
   Shoals:3 |   14518 |    8527 |  37.0 |      28 |       6 |  17.6
   Shoals:4 |    6683 |   21792 |  76.5 |      17 |      29 |  63.0
      Orc:1 |     717 |    1740 |  70.8 |      19 |      12 |  38.7
      Orc:2 |    3015 |    8578 |  74.0 |      26 |      59 |  69.4
      IceCv |       0 |   10129 | 100.0 |       0 |      58 | 100.0
    Volcano |       0 |    2753 | 100.0 |       0 |       7 | 100.0
   Gauntlet |       0 |    4625 | 100.0 |       0 |      18 | 100.0
            +---------+---------+-------+---------+---------+-------
